 Dungeon Crawl Stone Soup version 0.29.1-12-g30fa7ad0bf (webtiles) character file.

Game seed: 5812887361341795257

1313 nachturnus the Basher (level 8, 0/43 (63) HPs)
             Began as a Green Draconian Fighter on Dec 30, 2022.
             Was an Initiate of Yredelemnul.
             Slain by Duvessa
             ... wielding a +0 short sword of draining
              (2 damage)
             ... on level 6 of the Dungeon.
             The game lasted 00:41:18 (9669 turns).

nachturnus the Basher (Green Draconian Fighter)     Turns: 9669, Time: 00:41:20

HP:   0/43 (63)     AC:  9    Str: 22    XL:     8   Next: 32%
MP:   8/8           EV: 12    Int:  8    God:    Yredelemnul [......]
Gold: 170           SH:  5    Dex: 16    Spells: 7/7 levels left

rFire   + . .      SeeInvis +   p - +4 short sword "Sifeampu" {speed, rPois rC- rN+ SInv}
rCold   x . .      Faith    .   b - +0 buckler
rNeg    + . .      Spirit   .   (body armour unavailable)
rPois   +          Reflect  .   (helmet restricted)
rElec   .          Harm     .   y - +2 cloak
rCorr   .          Rampage  .   (no gloves)
Will    .....                   (no boots)
Stlth   +.........              s - amulet of the acrobat
HPRegen 0.14/turn               i - ring of protection from fire
MPRegen 0.11/turn               B - +6 ring of dexterity

@: very heavily drained
A: breathe noxious fumes, AC +6, unfitting armour, poison resistance,
cold-blooded
a: Breathe Noxious Fumes, Renounce Religion, Recall Undead Harvest


You were on level 6 of the Dungeon.
You worshipped Yredelemnul.
Yredelemnul was noncommittal.
You visited 2 branches of the dungeon, and saw 7 of its levels.
You also visited: Sewer.

You collected 302 gold pieces.
You spent 132 gold pieces at shops.

Inventory:

Hand Weapons
 a - a +0 long sword
 p - the +4 short sword "Sifeampu" (weapon) {speed, rPois rC- rN+ SInv}
   (You found it on level 6 of the Dungeon)

   Attacks with this weapon are significantly faster.
   rC:        It makes you vulnerable to cold.
   rPois:     It protects you from poison.
   rN:        It protects you from negative energy.
   SInv:      It lets you see invisible.
 u - a +3 vorpal hammer
Armour
 b - a +0 buckler (worn)
 r - a +0 cloak
 y - a +2 cloak (worn)
Jewellery
 i - a ring of protection from fire (left hand)
 s - an amulet of the acrobat (around neck)
 B - a +6 ring of dexterity (right hand)
Scrolls
 d - 2 scrolls of blinking
 g - a scroll of teleportation
 j - a scroll of poison
 n - 2 scrolls of magic mapping
 t - 2 scrolls of fear
 z - a scroll of silence
Potions
 c - 2 potions of might
 e - a potion of curing
 f - a potion of haste {unknown}
 h - a potion of berserk rage {unknown}
 k - 2 potions of flight
 l - a potion of cancellation
 m - 3 potions of mutation {unknown}
 q - a potion of invisibility {unknown}
 x - 4 potions of heal wounds
 A - 2 potions of ambrosia {unknown}


   Skills:
 - Level 3.2 Fighting
 + Level 2.1(4.2) Short Blades
 - Level 5.7(5.9) Long Blades
 - Level 8.1 Maces & Flails
 - Level 2.6 Dodging
 - Level 3.0 Shields


You had 7 spell levels left.
You didn't know any spells.
Your spell library was empty.

Dungeon Overview and Level Annotations

Branches:
Dungeon (6/15)             Temple (1/1) D:4           Sewer (visited)

Altars:
Elyvilon
Fedhas
Kikubaaqudgha
Makhleb
Nemelex Xobeh
Qazlal
Sif Muna
Trog
Uskayaw
Vehumet
Wu Jian
Xom
Yredelemnul
Zin
The Shining One

Shops:
D:1 !   D:5 !

Annotations:
D:6 Duvessa, Sigmund


Innate Abilities, Weirdness & Mutations

You can breathe blasts of noxious fumes.
Your lurid green scales are hard. (AC +6)
You cannot fit into any form of body armour.
Your system is resistant to poisons. (rPois)
You are cold-blooded and may be slowed by cold attacks.


Message History

You puncture Duvessa!
Duvessa is moderately wounded.
You block Duvessa's attack. Sigmund hits you but does no damage.
You hit Duvessa. You tail-slap Duvessa.
Duvessa is heavily wounded.
Duvessa hits you with a +0 short sword of draining!
You partially resist.
You feel drained.
You closely miss Duvessa.
Duvessa is heavily wounded.
Duvessa hits you with a +0 short sword of draining.
You partially resist.
You feel drained.
You barely miss Duvessa.
Your tail-slap misses Duvessa.
Duvessa is heavily wounded.
You block Sigmund's attack.
Duvessa hits you with a +0 short sword of draining.
You partially resist.
You feel drained.
You completely miss Duvessa.
You tail-slap Duvessa, but do no damage.
Duvessa is heavily wounded.
Duvessa hits you with a +0 short sword of draining.
You partially resist.
You feel drained.
You hit Duvessa but do no damage.
Duvessa is heavily wounded.
Sigmund hits you but does no damage.
Duvessa hits you with a +0 short sword of draining!
* * * LOW HITPOINT WARNING * * *
You partially resist.
You feel drained.
You hit Duvessa.
Duvessa is heavily wounded.
Duvessa barely misses you.
You hit Duvessa.
You tail-slap Duvessa, but do no damage.
Duvessa is severely wounded.
You barely miss Duvessa.
Duvessa is severely wounded.
Duvessa hits you with a +0 short sword of draining!
* * * LOW HITPOINT WARNING * * *
You partially resist.
You feel drained.
You die...
Your body rises from the dead as a mindless zombie.

#..#≈≈§≈#...........# #..
#..######.@#.####...####.#
#..........#.# #.........
#......###.#.# #.........
#####..# #.#.# ##.#####.#
##...###<#.#####.# #>#
#.............##.#####.#
##.#<@#######.##....##.# #
#.#..e@...............# ##
#.##.#######.###...##.# ⌠#
#.##.#######.# #......# ##
#.##........<# #..##### §#
#^##########.###....# ##
#.# #...#.z#.# #§# #.#
#..#####.# §§#
#.##########.##...#.# ###
#...........###._.#.#


You could see Duvessa (berserk) and Sigmund (invisible).

Vanquished Creatures
  Eustachio (D:6)
  2 water moccasins
  A sky beast (D:6)
  A black bear (D:4)
  A phantom (D:4)
  A necrophage (D:6)
  Dowan (D:6)
  2 hounds
  A jelly (D:5)
  Crazy Yiuf (D:4)
  An orc wizard (D:4)
  10 gnolls
  6 adders
  A river rat (D:5)
  3 white imps
  5 worms
  2 dart slugs
  5 orcs
  7 endoplasms
  2 giant cockroaches
  10 goblins
  8 hobgoblins
  3 jackals (Sewer)
  2 quokkas (D:1)
  4 ball pythons
  4 bats
  3 frilled lizards (D:1)
  4 kobolds
  10 rats
102 creatures vanquished.

Vanquished Creatures (collateral kills)
  Blork the orc (D:4)
  A hound (D:5)
  2 iguanas (D:5)
  An orc wizard (D:4)
  A gnoll (D:5)
  A worm (D:4)
  A dart slug (D:4)
  3 orcs (D:4)
  An endoplasm (D:4)
  3 hobgoblins (D:4)
  A kobold (D:4)
  A ball python (D:4)
  A rat (D:5)
18 creatures vanquished.

Vanquished Creatures (others)
  A black bear zombie (D:4)
  A sky beast zombie (D:6)
  A worm zombie (D:4)
  An elf zombie (D:6)
  2 spectral white imps
  A gnoll zombie (D:5)
  An endoplasm zombie (D:4)
  A hobgoblin zombie (D:4)
  2 orc zombies (D:4)
  3 plants (D:6)
  5 withered plants (D:6)
19 creatures vanquished.

Grand Total: 139 creatures vanquished

Notes
Turn   | Place    | Note
-------+----------+-------------------------------------------
     0 | D:1      | nachturnus the Draconian Fighter began the quest for the
                  | Orb.
     0 | D:1      | Reached XP level 1. HP: 19/19 MP: 1/1
   554 | D:1      | Reached XP level 2. HP: 25/26 MP: 2/2
   934 | D:1      | Found Tojiowaa's Distillery.
   947 | D:1      | Bought a potion of degeneration for 12 gold pieces
  1359 | D:2      | Reached XP level 3. HP: 9/31 MP: 3/3
  1778 | D:2      | Found a shimmering altar of Xom.
  2471 | D:2      | Found a faded altar of an unknown god.
  2731 | D:3      | Reached XP level 4. HP: 38/38 MP: 4/4
  3199 | D:3      | Reached skill level 5 in Long Blades
  3458 | D:3      | Reached XP level 5. HP: 40/40 MP: 5/5
  3671 | D:3      | Found a shimmering blue altar of Sif Muna.
  4404 | D:4      | Found a runed translucent door.
  4405 | D:4      | Noticed Crazy Yiuf
  4463 | D:4      | Found a glowing golden altar of the Shining One.
  4469 | D:4      | Found a staircase to the Ecumenical Temple.
  4486 | Temple   | Entered the Ecumenical Temple
  4531 | Temple   | Became a worshipper of Yredelemnul the Dark
  4660 | D:4      | Noticed a phantom
  4715 | D:4      | Killed a phantom
  4716 | D:4      | Reached skill level 2 in Maces & Flails
  4812 | D:4      | Found a stormy altar of Qazlal.
  4907 | D:4      | Noticed a black bear
  4919 | D:4      | Killed a black bear
  4920 | D:4      | Reached skill level 3 in Maces & Flails
  4920 | D:4      | Reached XP level 6. HP: 31/51 MP: 6/6
  5052 | D:4      | Reached * piety under Yredelemnul
  5374 | D:4      | Reached skill level 4 in Maces & Flails
  5409 | D:4      | Noticed Blork the orc
  5424 | D:4      | Killed Blork the orc
  5425 | D:4      | Reached ** piety under Yredelemnul
  6130 | D:4      | Your ally Blork died
  6141 | D:4      | Killed Crazy Yiuf
  6311 | D:5      | Entered Level 5 of the Dungeon
  6326 | D:5      | Found a glowing drain.
  6331 | D:5      | Your scales start taking on a lurid green colour.
  6331 | D:5      | Reached XP level 7. HP: 57/57 MP: 7/7
  6331 | D:5      | Gained mutation: Your system is resistant to poisons.
                  | (rPois) [Green Draconian growth]
  6344 | Sewer    | Entered a sewer
  6427 | Sewer    | Reached skill level 5 in Maces & Flails
  6794 | D:5      | Noticed a moth of wrath
  6827 | D:5      | Found a bloodstained altar of Trog.
  7208 | D:5      | Reached skill level 6 in Maces & Flails
  8078 | D:5      | Reached skill level 7 in Maces & Flails
  8194 | D:5      | Found Uquam's Distillery.
  8205 | D:5      | Bought a potion of flight for 45 gold pieces
  8205 | D:5      | Bought a potion of heal wounds for 75 gold pieces
  8582 | D:6      | Found a white marble altar of Elyvilon.
  8625 | D:6      | Noticed Eustachio
  8651 | D:6      | Killed Eustachio
  8652 | D:6      | Reached XP level 8. HP: 46/63 MP: 8/8
  8664 | D:6      | Reached skill level 8 in Maces & Flails
  8672 | D:6      | Identified the +4 short sword "Sifeampu" {speed, rPois rC-
                  | rN+ SInv}
  8919 | D:6      | Reached skill level 1 in Short Blades
  8926 | D:6      | Noticed Duvessa
  8926 | D:6      | Noticed Dowan
  8945 | D:6      | Killed Dowan
  8956 | D:6      | Your ally Dowan died
  8958 | D:6      | Noticed Sigmund
  8973 | D:6      | Found an ancient bone altar of Kikubaaqudgha.
  9406 | D:6      | Found a blossoming altar of Fedhas.
  9419 | D:6      | Identified the +2 robe "Umifuf" {Harm rCorr Int-5 Dex+4}
  9477 | D:6      | Found a burning altar of Makhleb.
  9669 | D:6      | HP: 2/44 [Duvessa/+0 short sword of draining (8)]
  9669 | D:6      | Slain by Duvessa

Illustrated notes

Levels and vault maps discovered:
D:1:      amcnicky_arrival_blooded_trapdoor, layout_loops_cross, serial_shops,
          nicolae_shop_waterfront, minmay_misc_feat_rows
D:2:      layout_rooms, chequers_ecumenical_altar_island, basic_altar,
          amcnicky_mini_rare_corridor_liquid
D:3:      layout_basic, mainiacjoe_overflow_cross_hatched
D:4:      layout_loops_corners, mainiacjoe_overflow_alcove_1, tso_oasis_becter,
          minmay_temple_entry_statues, enter_ossuary_1,
          hangedman_abyss_or_decor_lesser_grid, uniq_crazy_yiuf_cottage,
          uniq_blork_the_orc
D:5:      layout_layer_cave, tgw_trog, portal_sewer_entry_b, serial_shops,
          kennysheep_little_box
D:6:      layout_loops_ring, grunt_temple_overflow_growth_and_decay,
          lightli_temple_of_fire, general_overflow_altar, uniq_maggie,
          uniq_duvessa, uniq_eustachio, uniq_sigmund
Temple:   cyrus_temple_forest

Skill      XL: |  1  2  3  4  5  6  7  8 |
---------------+-------------------------+-----
Long Blades    | 3 4 5 |  5.7
Maces & Flails | 3 4 7 8 |  8.1
Short Blades   | 2 |  2.1
Fighting       | |  3.2
Dodging        | |  2.6
Shields        | |  3.0

Action                   |  1- 3 |  4- 6 |  7- 9 || total
-------------------------+-------+-------+-------++-------
Melee: Long sword        |   117 |    90 |       ||   207
       Tailslap          |    13 |    13 |    25 ||    51
       Mace              |       |    55 |   105 ||   160
       Short sword       |       |       |    52 ||    52
Invok: Recall Undead Har |       |       |     1 ||     1
  Use: Scroll            |     4 |     1 |    13 ||    18
       Potion            |       |     2 |     1 ||     3
 Stab: Distracted        |       |       |     1 ||     1
Armor: Skin              |    31 |    48 |    45 ||   124
Dodge: Dodged            |    61 |    83 |    80 ||   224
Block: Buckler           |    22 |    32 |    28 ||    82
